 Dungeon Crawl Stone Soup version 0.29.1-15-g9cfb28693d (webtiles) character file.

Game seed: 1777456118604257896

171 comborobin the Ruffian (level 5, -2/67 HPs)
             Began as a Draconian Delver on Dec 28, 2023.
             Slain by a phantom (5 damage)
             ... on level 5 of the Dungeon.
             The game lasted 00:01:58 (1477 turns).

comborobin the Ruffian (Draconian Delver)           Turns: 1477, Time: 00:01:58

Health: -2/67      AC:  1    Str: 14    XL:     5   Next: 26%
Magic:  5/5        EV: 12    Int: 13    God:
Gold:   41         SH:  0    Dex: 12    Spells: 4/4 levels left

rFire   . . .      SeeInvis .     - Unarmed
rCold   . . .      Faith    .   (no shield)
rNeg    . . .      Spirit   .   (body armour unavailable)
rPois   .          Reflect  .   (helmet restricted)
rElec   .          Harm     .   (no cloak)
rCorr   .          Rampage  .   (no gloves)
Will    .....                   (no boots)
Stlth   ..........              (no amulet)
HPRegen 0.21/turn               (no ring)
MPRegen 0.09/turn               (no ring)

@: berserking (expiring), corroded, very quick
A: AC +5, unfitting armour, cold-blooded
a: no special abilities


You were on level 5 of the Dungeon.
You visited 1 branch of the dungeon, and saw 5 of its levels.

You collected 41 gold pieces.

Inventory:

Hand Weapons
 l - a +0 club
Missiles
 j - 12 poisoned darts (quivered)
Jewellery
 d - a ring of fire
 m - an amulet of reflection
Wands
 e - a wand of digging (3)
Scrolls
 a - a scroll of fog
 c - a scroll of fear
 h - a scroll of enchant armour {unknown}
 n - 2 scrolls of teleportation {unknown}
Potions
 f - a potion of degeneration {unknown}
 g - 2 potions of mutation {unknown}
 i - a potion of might {unknown}
 k - 2 potions of resistance {unknown}
 o - a potion of berserk rage


   Skills:
 - Level 3.2 Fighting
 - Level 1.7 Dodging
 - Level 4.5 Stealth
 + Level 5.5 Unarmed Combat


You had 4 spell levels left.
You didn't know any spells.
Your spell library was empty.

Dungeon Overview and Level Annotations

Branches:
Dungeon (6/15)             Temple (0/1) D:5

Altars:
Qazlal


Innate Abilities, Weirdness & Mutations

Your plain brown scales are hard. (AC +5)
You cannot fit into any form of body armour.
You are cold-blooded and may be slowed by cold attacks.


Message History

The jelly is lightly wounded.
The jelly barely misses you.
You hit the jelly.
Your hands burn!
The jelly is moderately wounded.
You hit the jelly.
Your hands burn!
The jelly is heavily wounded.
The orc closely misses you. The jelly hits you.
You are splashed with acid!
You punch the jelly!
You kill the jelly!
You barely miss the orc. The orc misses you.
You hit the orc.
The orc is heavily wounded.
You hit the orc but do no damage.
The orc is heavily wounded.
The orc hits you with a +0 flail!
* * * LOW HITPOINT WARNING * * *
You punch the orc!
You kill the orc!
You hit the phantom.
The phantom is lightly damaged.
The phantom hits you.
* * * LOW HITPOINT WARNING * * *
The phantom blinks!
You blink.
A hound comes into view.
You hit the phantom but do no damage.
The phantom is lightly damaged.
The hound barks!
The phantom closely misses you.
You closely miss the phantom.
Your tail-slap misses the phantom.
The phantom is lightly damaged.
You closely miss the phantom.
The phantom is lightly damaged.
The phantom hits you!
* * * LOW HITPOINT WARNING * * *
You hit the phantom.
The phantom is moderately damaged.
You barely miss the phantom.
The phantom is moderately damaged.
The phantom hits you.
You die...

**** ** **,,** ,*
***,,,,*
,****,*,,,#****
,,,*,,,,,.#.,,**
,,,*,,,,,....,,*
,,,,,,*,,##...####
,,,,,***,........##
,,,,,,,,,.....h.@.#
,,*,.,,..........W#
,,*,#.*#..#.......#
,,*.#.##.##.......#
,,,.........#.....#
*,**......###.#..##
*,........#......#**
,,..##..#...)#.....#**
,,?.....#..#.#.......*


You could see a phantom and a hound.

Vanquished Creatures
  An ogre (D:5)
  A hound (D:3)
  A jelly (D:5)
  An adder (D:4)
  An orc (D:5)
  An endoplasm (D:2)
  2 goblins
  2 hobgoblins (D:2)
  2 quokkas
  2 ball pythons (D:3)
  A frilled lizard (D:3)
  2 kobolds
17 creatures vanquished.

Notes
Turn   | Place    | Note
-------+----------+-------------------------------------------
     0 | D:5      | comborobin the Draconian Delver began the quest for the
                  | Orb.
     0 | D:5      | Reached XP level 1. HP: 19/19 MP: 1/1
     9 | D:6      | Noticed an iguana
    70 | D:4      | Noticed a hound
   162 | D:4      | Found a stormy altar of Qazlal.
   546 | D:3      | Noticed a hound
   578 | D:2      | Reached XP level 2. HP: 4/26 MP: 2/2
   945 | D:2      | Reached skill level 3 in Unarmed Combat
  1018 | D:3      | Reached XP level 3. HP: 13/31 MP: 3/3
  1371 | D:4      | Noticed a steam dragon
  1395 | D:4      | Reached skill level 4 in Unarmed Combat
  1430 | D:5      | Noticed an ogre
  1460 | D:5      | Noticed a phantom
  1463 | D:5      | Killed an ogre
  1464 | D:5      | Reached skill level 5 in Unarmed Combat
  1464 | D:5      | Reached XP level 4. HP: 35/38 MP: 4/4
  1464 | D:5      | Reached XP level 5. HP: 41/45 MP: 5/5
  1475 | D:5      | HP: 3/67 [phantom (7)]
  1477 | D:5      | Slain by a phantom

Illustrated notes

Levels and vault maps discovered:
D:2:      layout_rooms, basic_altar, uniq_natasha
D:3:      layout_basic, minmay_box_of_dots
D:4:      layout_loops_ring, lemuel_doored_altar, uniq_eustachio, uniq_duvessa
D:5:      layout_cave_pools, lemuel_temple_firewalk_a, gammafunk_ghost_icy,
          nicolae_ossuary_entry_ruins
D:6:      layout_rooms, tso_oasis_becter, minitemple,
          grunt_dithmenos_smoke_and_mirrors, corexii_item_surrounded_by_moat,
          uniq_grinder

Skill      XL: |  1  2  3 |
---------------+----------+-----
Unarmed Combat | 3 5 |  5.5
Fighting       | |  3.2
Dodging        | |  1.7
Stealth        | |  4.5

Action                   |  1- 3 |  4- 6 || total
-------------------------+-------+-------++-------
Melee: Unarmed           |    74 |    14 ||    88
       Tailslap          |    12 |       ||    12
Throw: Dart              |     5 |       ||     5
  Use: Scroll            |     3 |       ||     3
       Potion            |     2 |       ||     2
 Stab: Sleeping          |     3 |       ||     3
Armor: Skin              |    20 |       ||    20
Dodge: Dodged            |    59 |     4 ||    63
